 Dungeon Crawl Stone Soup version 0.26.0-10-g1f06aea511 (webtiles) character file.

Game seed: 14155974099422537204

701 Borgoz the Ducker (level 7, -7/59 HPs)
             Began as a Ghoul Gladiator on Feb 1, 2021.
             Mangled by a two-headed ogre
             ... wielding a +0 giant spiked club
              (29 damage)
             ... on level 5 of the Dungeon.
             The game lasted 00:06:06 (3471 turns).

Borgoz the Ducker (Ghoul Gladiator)                 Turns: 3471, Time: 00:06:06

Health: -7/59      AC:  7    Str: 18    XL:     7   Next: 66%
Magic:  6/6        EV: 13    Int:  3    God:
Gold:   364        SH:  0    Dex: 12    Spells: 6/6 levels left

rFire    + . .     SeeInvis .   a - +1 long sword
rCold    + + .     Faith    +   (no shield)
rNeg     + + +     Spirit   .   i - +0 ring mail
rPois    ∞         Reflect  .   c - +1 helmet
rElec    .         Harm     .   p - scarf {rC+ rF+}
rCorr    .         Rampage  .   (no gloves)
Will     .....                  (no boots)
Stlth    +.........             t - amulet of faith
HPRegen  0.00/turn              (no ring)
MPRegen  0.10/turn              (no ring)

@: hasted, very quick
A: claws 1, cold resistance 1, negative energy resistance 3, inhibited
regeneration, torment resistance, unbreathing
a: no special abilities


You were on level 5 of the Dungeon.
You visited 1 branch of the dungeon, and saw 5 of its levels.
You also visited: Sewer.

You collected 364 gold pieces.

Inventory:

Hand Weapons
 a - a +1 long sword (weapon)
Armour
 c - a +1 helmet (worn)
 i - a +0 ring mail (worn)
 p - a scarf of resistance (worn)
Jewellery
 t - an amulet of faith (around neck)
Wands
 m - a wand of disintegration (13)
Scrolls
 d - a scroll of fear {unknown}
 e - 3 scrolls of blinking
 g - 3 scrolls of teleportation
 k - a scroll of remove curse
 r - 2 scrolls of enchant armour
 v - a scroll of enchant weapon
Potions
 b - a potion of resistance {unknown}
 f - a potion of curing {unknown}
 h - a potion of might {unknown}
 j - a potion of flight {unknown}
 l - a potion of berserk rage {unknown}
 n - a potion of brilliance {unknown}
 o - a potion of mutation {unknown}
 s - 2 potions of heal wounds {unknown}


   Skills:
 + Level 4.2 Fighting
 * Level 5.0 Long Blades
 - Level 1.7 Throwing
 + Level 2.7 Armour
 * Level 5.0 Dodging


You had 6 spell levels left.
You didn't know any spells.
Your spell library was empty.

Dungeon Overview and Level Annotations

Branches:
Dungeon (5/15)              Sewer (visited)
 Temple: D:4-7

Altars:
Hepliaklqana
Qazlal
Trog


Innate Abilities, Weirdness & Mutations

You thrive by killing the living.
You are immune to poison.
You have sharp fingernails.
Your flesh is cold resistant. (rC+)
You are immune to negative energy. (rN+++)
You do not regenerate when monsters are visible.
You are immune to unholy pain and torment.
You can survive without breathing.


Message History

t - an amulet of faith (around neck) Done exploring.
Done exploring.
(D) Dungeon
Where to? (Enter - D:4, ? - help)
There is a stone staircase leading down here.
You climb downwards.
A two-headed ogre comes into view.
It is wielding a +0 giant spiked club and a +0 dire flail.
The two-headed ogre shouts in stereo!
There is a stone staircase leading up here.
You hit the two-headed ogre.
The two-headed ogre is lightly wounded.
The two-headed ogre hits you with a +0 giant spiked club!!
The two-headed ogre hits you with a +0 dire flail!
You are too injured to fight recklessly!
You feel yourself speed up.
You slash the two-headed ogre!
The two-headed ogre is moderately wounded.
The two-headed ogre hits you with a +0 giant spiked club!!
You die...

######
....###
#.....
#.O.#
#.@##
#..<#
#.###
#. ..
###


You could see a two-headed ogre.

Vanquished Creatures
  Sigmund (D:4)
  Edmund (D:4)
  Purgy (Sewer)
  2 orc priests
  A centaur skeleton (D:4)
  An orc wizard (D:4)
  2 worker ants (D:4)
  4 gnolls
  4 adders
  An ooze (D:4)
  An adder skeleton (D:4)
  A worm (D:4)
  A dart slug (D:1)
  2 leopard geckos (D:2)
  13 orcs
  3 giant cockroaches
  6 hobgoblins
  A jackal (D:1)
  7 kobolds
  A quokka (D:3)
  3 bats
  5 frilled lizards
  5 goblins
  3 rats
70 creatures vanquished.

Notes
Turn   | Place    | Note
-------+----------+-------------------------------------------
     0 | D:1      | Borgoz the Ghoul Gladiator began the quest for the Orb.
     0 | D:1      | Reached XP level 1. HP: 17/17 MP: 0/0
   280 | D:1      | Reached XP level 2. HP: 18/25 MP: 1/1
   463 | D:2      | Reached XP level 3. HP: 30/30 MP: 2/2
   682 | D:2      | Found a faded altar of an unknown god.
   857 | D:2      | Reached skill level 1 in Armour
  1306 | D:3      | Reached XP level 4. HP: 29/37 MP: 3/3
  1500 | D:3      | Reached XP level 5. HP: 33/45 MP: 4/4
  1764 | D:3      | Found a hazy altar of Hepliaklqana.
  1872 | D:3      | Found a bloodstained altar of Trog.
  1888 | D:3      | Found a stormy altar of Qazlal.
  2342 | D:4      | Reached XP level 6. HP: 24/51 MP: 5/5
  2413 | D:4      | Noticed Sigmund
  2428 | D:4      | Killed Sigmund
  2429 | D:4      | Reached XP level 7. HP: 26/58 MP: 6/6
  2513 | D:4      | Noticed Edmund
  2534 | D:4      | Killed Edmund
  2592 | D:4      | Got a crystal arbalest
  2617 | D:4      | Found a glowing drain.
  2758 | Sewer    | Entered a sewer
  2932 | Sewer    | Noticed Purgy
  2948 | Sewer    | Killed Purgy
  2949 | Sewer    | Reached skill level 5 in Long Blades
  2949 | Sewer    | Reached skill level 5 in Dodging
  3467 | D:5      | Entered Level 5 of the Dungeon
  3467 | D:5      | Noticed a two-headed ogre
  3471 | D:5      | Mangled by a two-headed ogre

Illustrated notes

Levels and vault maps discovered:
D:1:      dpeg_arrival_short_road, layout_rooms, minmay_tetromino_o4
D:2:      layout_loops_ring, chequers_ecumenical_altar_simple_redux, minmay_puff
D:3:      layout_basic, grunt_qazlal_sundering, nicolae_overflow_crystal_walls,
          lemuel_crystal_altar
D:4:      layout_loops_ring, cheibrodos_sewer_entry_bend, uniq_sigmund,
          uniq_edmund
D:5:      layout_basic, minmay_temple_entry_large_hall,
          kennysheep_generic_room_3, uniq_prince_ribbit1, uniq_grinder,
          uniq_menkaure

Skill      XL: |  1  2  3  4  5  6  7 |
---------------+----------------------+-----
Long Blades    | 3 4 5 |  5.0
Dodging        | 3 4 5 |  5.0
Armour         | 1 2 |  2.7
Fighting       | 3 4 |  4.2
Throwing       | |  1.7

Action                   |  1- 3 |  4- 6 |  7- 9 || total
-------------------------+-------+-------+-------++-------
Melee: Long sword        |    74 |   128 |    75 ||   277
Throw: Throwing net      |       |     1 |     2 ||     3
Evoke: Wand              |       |       |     1 ||     1
  Use: Scroll            |     5 |     4 |     2 ||    11
       Potion            |       |     2 |     1 ||     3
 Stab: Sleeping          |     1 |       |       ||     1
       Invisible         |       |     5 |       ||     5
       Held in net/web   |       |       |     2 ||     2
Armor: Leather armour    |    25 |     1 |       ||    26
       Ring mail         |       |    33 |    20 ||    53
Dodge: Dodged            |    70 |   106 |    51 ||   227
       Rpst.: Long sword |    17 |    29 |    11 ||    57
